 Dungeon Crawl Stone Soup version 0.19-a0-1210-g5c1aa26 (webtiles) character file.

29472 amanita the Dancer (level 13, -21/69 HPs)
             Began as a Vine Stalker Fighter on Aug 22, 2016.
             Was a Follower of Uskayaw.
             Killed from afar by a shock serpent (23 damage)
             ... with a bolt of electricity
             ... on level 3 of the Snake Pit.
             The game lasted 01:12:47 (4779 turns).

amanita the Dancer (Vine Stalker Fighter)           Turns: 4779, Time: 01:12:48

Health: -21/69     AC:  7    Str: 19    XL:     13   Next: 45%
Magic:  0/32       EV: 15    Int:  4    God:    Uskayaw [*.....]
Gold:   462        SH: 16    Dex: 28    Spells: 0 memorised, 12 levels left

rFire  . . .     SeeInvis .     B - +4 quick blade
rCold  . . .     Gourm    .     X - +1 leather armour of Ethics {Regen+ Int-4 Dex+9}
rNeg   . . .     Faith    .     c - +0 shield
rPois  +         Spirit   +     (no helmet)
rElec  .         Dismiss  .     k - +0 cloak
rCorr  .         Reflect  +     (no gloves)
MR     ++...     Harm     .     M - +0 pair of boots (curse)
Stlth  +++.......               A - +4 amulet of reflection
                                (no ring)
                                t - ring of magical power

@: very slightly contaminated
A: fangs 3, magic resistance 1, mutation resistance 1, poison resistance,
regeneration 2, magic shield, antimagic bite, no device heal 3, rot immunity
a: Stomp, Renounce Religion


You were on level 3 of the Snake Pit.
You worshipped Uskayaw.
Uskayaw was pleased with you.
You were not hungry.

You visited 4 branches of the dungeon, and saw 23 of its levels.

You collected 462 gold pieces.

Inventory:

Hand Weapons
 l - a +2 dagger of freezing
 m - a +3 dagger of venom
 r - a +1 short sword of speed
 B - a +4 quick blade (weapon)
Missiles
 I - a throwing net (quivered)
Armour
 c - a +0 shield (worn)
 k - a +0 cloak (worn)
 w - a +3 plate armour
 M - a cursed +0 pair of boots (worn)
 X - the +1 leather armour of Ethics (worn) {Regen+ Int-4 Dex+9}
   (You found it on level 6 of the Lair of Beasts)

   It affects your intelligence (-4).
   It affects your dexterity (+9).
   It increases your rate of regeneration.
Jewellery
 a - an uncursed ring of teleportation
 t - a ring of magical power (left hand)
 x - an uncursed ring of wizardry {unknown}
 A - a +4 amulet of reflection (around neck)
 K - an uncursed amulet of rage {unknown}
 Z - a cursed -3 ring of strength {unknown}
Wands
 d - a wand of teleportation (4/9)
 u - a wand of confusion (19/48)
 v - a wand of digging (20/24)
 y - a wand of iceblast (3/15)
 z - a wand of teleportation (4/9)
 J - a wand of digging (13/24)
 N - a wand of lightning (11/15)
 O - a wand of teleportation (3/9)
 T - a wand of acid (0/15)
 W - a wand of slowing (31/48)
Scrolls
 g - 2 scrolls of enchant armour
 h - 3 scrolls of fog
 p - 7 scrolls of amnesia
 D - a scroll of immolation
 S - a scroll of identify
 U - 5 scrolls of remove curse
Potions
 e - a potion of magic
 i - a potion of degeneration {unknown}
 j - 2 potions of haste
 n - 2 potions of heal wounds {unknown}
 q - 2 potions of curing
 E - 2 potions of agility
 H - a potion of ambrosia {unknown}
 P - a potion of brilliance {unknown}
 Y - a potion of invisibility {unknown}
Books
 o - a book of Dreams

   Spells                             Type                      Level
   a - Ensorcelled Hibernation        Hexes/Ice                    2
   b - Silence                        Hexes/Air                    5
   c - Darkness                       Hexes                        6
   d - Shadow Creatures               Summoning                    6
 s - a book of Flames

   Spells                             Type                      Level
   a - Flame Tongue                   Conjuration/Fire             1
   b - Throw Flame                    Conjuration/Fire             2
   c - Conjure Flame                  Conjuration/Fire             3
   d - Inner Flame                    Hexes/Fire                   3
   e - Sticky Flame                   Conjuration/Fire             4
   f - Fireball                       Conjuration/Fire             5
 G - a book of the Tempests

   Spells                             Type                      Level
   a - Static Discharge               Conjuration/Air              3
   b - Lightning Bolt                 Conjuration/Air              5
   c - Fireball                       Conjuration/Fire             5
   d - Tornado                        Air                          9
   e - Shatter                        Earth                        9
 R - a book of the Dragon

   Spells                             Type                      Level
   a - Flame Tongue                   Conjuration/Fire             1
   b - Cause Fear                     Hexes                        4
   c - Bolt of Fire                   Conjuration/Fire             6
   d - Dragon Form                    Transmutation                7
   e - Dragon's Call                  Summoning                    9
Comestibles
 f - 5 bread rations
 C - 3 meat rations
 F - a royal jelly
 L - 2 fruits
 Q - 2 slices of pizza


   Skills:
 + Level 8.4 Fighting
 - Level 10.0 Short Blades
 - Level 7.0 Armour
 - Level 5.5 Dodging
 - Level 4.0 Stealth
 + Level 6.2 Shields
 + Level 12.5 Invocations
 - Level 3.0 Evocations


You had 12 spell levels left.
You didn't know any spells.

Dungeon Overview and Level Annotations

Branches:
Dungeon (13/15)              Lair (6/6) D:8           Snake (3/4) Lair:2
  Slime (0/5) Lair:5          Orc (1/2) D:12
 Temple: D:4-7        Swamp: Lair:2-4    Shoals: Lair:2-4    Vaults: D:13-14

Altars:
Ashenzari
Ru
Uskayaw

Annotations:
D:10 Gastronok
D:13 DEFE's ghost, journeyman DrFi
Lair:5 exclusion: 2 oklob plants


Innate Abilities, Weirdness & Mutations

You have razor-sharp teeth.
You heal very quickly.
When hurt, damage is shared between your health and your magic reserves.
Your bite disrupts and absorbs the magic of your enemies.
Potions and wands cannot restore your health.
You are immune to rotting.
You are resistant to hostile enchantments. (MR+)
You are somewhat resistant to further mutation.
Your system is resistant to poisons. (rPois)


Message History

You closely miss the shock serpent.
You bite the shock serpent, but do no damage.
The shock serpent is moderately wounded.
The shock serpent closely misses you.
You hit the shock serpent.
The shock serpent is heavily wounded.
You hit the shock serpent.
You bite the shock serpent, but do no damage.
The shock serpent is heavily wounded.
The shock serpent bites you!
* * * LOW HITPOINT WARNING * * *
The shock serpent shocks you!
* * * LOW HITPOINT WARNING * * *
Blink to where?
Press: ? - help, Dir - move target cursor You are very lightly contaminated with residual magic.
As you read the scroll of blinking, it crumbles to dust.
The shock serpent shoots out a bolt of lightning at you!
The bolt of electricity hits you!
You die...

#....# #....##
##..S..#
#%.....# ####
#.....## ...#
#..<..#
..####...#...#
#.....####...#
#@..# #.....
##### ....#
#.### ##


You could see a shock serpent.

Vanquished Creatures
  5 hydras
  A merfolk avatar (Lair:6)
  A shock serpent (Snake:2)
  A sea snake (Lair:6)
  A lindwurm (Lair:6)
  2 harpies (Lair:6)
  An ugly thing (D:13)
  2 griffons
  A salamander (Snake:2)
  2 manticores (Lair:6)
  A cyclops (D:12)
  20 elephants
  2 black mambas
  4 spiny frogs (Lair:6)
  2 rime drakes (Lair:6)
  6 komodo dragons
  2 polar bears (Lair:6)
  A boulder beetle (Lair:6)
  5 blink frogs (Lair:4)
  6 wyverns (Lair:6)
  12 yaks
  5 hippogriffs
  A hungry ghost (D:8)
  3 nagas
  4 water moccasins
  2 porcupines
  An ice beast (D:12)
  2 sky beasts
  7 orc warriors
  2 wasps
  3 ogres
  A centaur (D:5)
  5 wolves
  5 crocodiles
  6 giant frogs
  A big kobold (D:7)
  2 scorpions
  A centaur zombie (D:10)
  A crimson imp (D:12)
  A hound (D:6)
  8 orc wizards
  A giant frog skeleton (D:13)
  8 orc priests
  2 iguanas
  7 worker ants
  22 sheep
  A hound skeleton (D:5)
  A howler monkey zombie (D:5)
  8 adders
  4 river rats
  An ooze (D:2)
  An adder zombie (D:6)
  30 orcs
  8 bats
  3 giant cockroaches
  8 goblins
  2 hobgoblins
  7 jackals
  7 kobolds
  6 quokkas
  A giant newt (D:5)
  A quokka skeleton (D:8)
  A quokka zombie (D:5)
  12 rats
  A plant (Lair:4)
282 creatures vanquished.

Vanquished Creatures (others)
  16 fungi
  8 plants (Lair:6)
24 creatures vanquished.

Grand Total: 306 creatures vanquished

Notes
Turn   | Place    | Note
-------+----------+-------------------------------------------
     0 | D:1      | amanita the Vine Stalker Fighter began the quest for the Orb.
     0 | D:1      | Reached XP level 1. HP: 11/11 MP: 2/2
    72 | D:1      | Reached XP level 2. HP: 14/16 MP: 3/3
   135 | D:2      | Noticed a hand axe
   135 | D:2      | Noticed a dagger
   136 | D:2      | Found a hide-covered altar of Uskayaw.
   145 | D:2      | Became a worshipper of Uskayaw the Reveler
   150 | D:2      | Reached * piety under Uskayaw
   258 | D:3      | Reached ** piety under Uskayaw
   263 | D:3      | Reached XP level 3. HP: 16/19 MP: 2/4
   271 | D:3      | Reached *** piety under Uskayaw
   460 | D:5      | Entered Level 5 of the Dungeon
   472 | D:5      | Gained mutation: Your natural rate of healing is unusually fast. [Vine Stalker growth]
   472 | D:5      | Reached XP level 4. HP: 18/23 MP: 5/5
   512 | D:5      | Noticed a centaur
   529 | D:5      | Killed a centaur
   529 | D:5      | Reached XP level 5. HP: 15/27 MP: 4/6
   602 | D:5      | Reached skill level 5 in Short Blades
   650 | D:6      | Reached skill level 1 in Invocations
   656 | D:6      | Reached XP level 6. HP: 27/32 MP: 5/7
   668 | D:6      | Reached **** piety under Uskayaw
   709 | D:6      | Reached skill level 2 in Invocations
   728 | D:6      | Noticed an orc warrior
   814 | D:6      | Noticed an orc warrior
   837 | D:6      | Killed an orc warrior
   837 | D:6      | Reached XP level 7. HP: 16/35 MP: 3/9
  1133 | D:7      | Found a sacrificial altar of Ru.
  1191 | D:7      | Reached skill level 3 in Invocations
  1405 | D:8      | Noticed a hungry ghost
  1417 | D:9      | Gained mutation: You have razor-sharp teeth. [Vine Stalker growth]
  1417 | D:9      | Reached XP level 8. HP: 39/39 MP: 11/11
  1427 | D:10     | Entered Level 10 of the Dungeon
  1440 | D:10     | Reached skill level 4 in Invocations
  1504 | D:9      | Found a shattered altar of Ashenzari.
  1611 | D:8      | Noticed a yak
  1611 | D:8      | Noticed a yak
  1621 | D:8      | Killed a yak
  1627 | D:8      | Killed a yak
  1634 | D:8      | Reached skill level 5 in Invocations
  1634 | D:8      | Reached ***** piety under Uskayaw
  1689 | D:9      | Noticed a yak
  1690 | D:9      | Noticed a yak
  1691 | D:9      | Noticed a yak
  1691 | D:9      | Noticed a yak
  1710 | D:9      | Killed a yak
  1710 | D:9      | Reached XP level 9. HP: 23/43 MP: 9/14
  1726 | D:9      | Reached skill level 6 in Invocations
  1868 | D:10     | Noticed Gastronok
  2085 | D:8      | Reached skill level 10 in Short Blades
  2219 | D:10     | Found a hide-covered altar of Uskayaw.
  2317 | D:11     | Noticed an eight-headed hydra
  2351 | D:13     | Noticed DEFE's ghost (journeyman DrFi)
  2404 | D:12     | Gained mutation: You are somewhat resistant to further mutation. [mutagenic meat]
  2410 | D:12     | Gained mutation: You are resistant to hostile enchantments. (MR+) [mutagenic meat]
  2442 | D:12     | Found a staircase to the Orcish Mines.
  2528 | D:12     | Reached skill level 7 in Invocations
  2563 | D:12     | Reached XP level 10. HP: 35/50 MP: 16/16
  2601 | D:12     | Noticed a cyclops
  2638 | D:13     | Gained mutation: Your system is resistant to poisons. (rPois) [mutagenic meat]
  2646 | D:13     | Noticed a griffon
  2648 | D:13     | Noticed a brown ugly thing
  2662 | D:13     | Killed a griffon
  2663 | D:13     | Killed a brown ugly thing
  2663 | D:13     | Reached skill level 5 in Fighting
  2743 | D:12     | Killed a cyclops
  2743 | D:12     | Reached skill level 5 in Shields
  2743 | D:12     | Reached skill level 8 in Invocations
  2775 | Orc:1    | Entered Level 1 of the Orcish Mines
  2776 | Orc:1    | Noticed an orc knight
  2990 | D:8      | Found a staircase to the Lair.
  3025 | Lair:1   | Entered Level 1 of the Lair of Beasts
  3083 | Lair:2   | Found a staircase to the Snake Pit.
  3176 | Lair:3   | Reached XP level 11. HP: 46/56 MP: 18/18
  3219 | Lair:3   | Reached skill level 1 in Dodging
  3304 | Lair:3   | Noticed a four-headed hydra
  3311 | Lair:3   | Reached skill level 9 in Invocations
  3325 | Lair:3   | Killed a four-headed hydra
  3325 | Lair:3   | Reached skill level 5 in Armour
  3417 | Lair:4   | Noticed a catoblepas
  3509 | Lair:4   | You fall through a shaft!
  3552 | Lair:5   | Found a staircase to the Slime Pits.
  3552 | Lair:5   | Noticed an oklob plant
  3552 | Lair:5   | Noticed an oklob plant
  3606 | Lair:6   | Entered Level 6 of the Lair of Beasts
  3623 | Lair:6   | Noticed a sea snake
  3642 | Lair:6   | Killed a sea snake
  3658 | Lair:6   | Noticed a manticore
  3659 | Lair:6   | Noticed a griffon
  3661 | Lair:6   | Noticed a seven-headed hydra
  3663 | Lair:6   | Noticed a lindwurm
  3665 | Lair:6   | Noticed a four-headed hydra
  3704 | Lair:6   | Killed a four-headed hydra
  3704 | Lair:6   | Reached skill level 10 in Invocations
  3704 | Lair:6   | Gained mutation: You heal very quickly. [Vine Stalker growth]
  3704 | Lair:6   | Reached XP level 12. HP: 38/61 MP: 20/20
  3752 | Lair:6   | Reached skill level 1 in Evocations
  3799 | Lair:6   | Reached skill level 5 in Dodging
  3803 | Lair:6   | Got a smoking leather armour
  3825 | Lair:6   | Killed a seven-headed hydra
  4006 | Lair:6   | Noticed a six-headed hydra
  4034 | Lair:6   | Killed a six-headed hydra
  4034 | Lair:6   | Reached skill level 11 in Invocations
  4044 | Lair:6   | Noticed a merfolk avatar
  4148 | Lair:6   | Reached skill level 1 in Stealth
  4247 | Lair:6   | Killed a merfolk avatar
  4247 | Lair:6   | Reached XP level 13. HP: 42/67 MP: 17/22
  4283 | Lair:6   | Identified a scroll of acquirement
  4413 | Lair:4   | Reached skill level 12 in Invocations
  4631 | Snake:1  | Entered Level 1 of the Snake Pit
  4699 | Snake:2  | Identified the +1 leather armour of Ethics {Regen+ Int-4 Dex+9} (You found it on level 6 of the Lair of Beasts)
  4778 | Snake:3  | HP: 1/69 [shock serpent (5)]
  4779 | Snake:3  | Killed from afar by a shock serpent

Vault maps used:
D:1:      dpeg_arrival_concentric_ovals
D:2:      dancing_weapons_uskayaw, first_bread, tgw_trog
D:3:      makhleb_altar_promises_db
D:4:      tgw_sif
D:5:      minivault_14, corexii_mini_fake_secret_closet, lemuel_statue_altar
D:6:      uniq_blork_the_orc
D:7:      kennysheep_mini_moat, the_bakery, hangedman_decor_riveting
D:8:      grunt_lair_entry_orc_guard_hut, uniq_erica
D:9:      old_forge, gammafunk_temple_overflow_pools, basic_altar,
          grunt_gozag_statues
D:10:     basic_altar, enter_bailey_3, uniq_gastronok, uniq_nergalle
D:11:     enter_trove_2
D:12:     david_orc_3
D:13:     grunt_vaults_entry_tiered, lemuel_hellish_altar
Lair:1:   st_stairs_13, grunt_forest_small_clearing_treed
Lair:2:   guppyfry_snake_entry_island
Lair:3:   minmay_shoals_entry_beasts
Lair:4:   statuecave_lemuel, bh_chokoban, serial_bayou_lagoon_a,
          lookout_lair_type
Lair:5:   minmay_slime_entry_oklob_enclosed, serial_bayou_shore_a
Lair:6:   gammafunk_lair_ancient_temple, serial_bayou_lake_a,
          serial_bayou_shore_b
Snake:2:  uniq_vashnia
Orc:1:    uniq_urug

Skill      XL: |  1  2  3  4  5  6  7  8  9 10 11 12 13 |
---------------+----------------------------------------+-----
Short Blades   | 2 3 4 5 6 7 9 10 | 10.0
Invocations    | 1 2 3 5 7 8 10 11 12 | 12.5
Fighting       | 4 6 7 8 |  8.4
Shields        | 3 6 |  6.2
Armour         | 3 6 7 |  7.0
Dodging        | 4 5 |  5.5
Evocations     | 3 |  3.0
Stealth        | 3 4 |  4.0

Action                   |  1- 3 |  4- 6 |  7- 9 | 10-12 | 13-15 || total
-------------------------+-------+-------+-------+-------+-------++-------
Melee: Rapier            |    38 |       |       |       |       ||    38
       Bite              |    16 |    29 |   116 |   299 |   101 ||   561
       Dagger            |    43 |   102 |   329 |   606 |     6 ||  1086
       Quick blade       |       |       |       |       |   174 ||   174
Throw: Javelin           |       |     5 |     6 |       |       ||    11
Invok: Line Pass         |       |     1 |     1 |     8 |       ||    10
       Stomp             |       |       |     4 |    10 |     7 ||    21
Evoke: Wand              |       |       |       |     8 |       ||     8
  Use: Scroll            |       |     6 |     6 |     6 |     4 ||    22
       Potion            |       |     1 |     1 |     1 |       ||     3
 Stab: Paralysed         |     1 |     2 |     5 |    32 |     8 ||    48
       Confused          |       |       |       |     4 |       ||     4
       Sleeping          |       |       |       |       |     2 ||     2
  Eat: Chunk             |       |       |     9 |    14 |     3 ||    26
       Fruit             |       |       |       |     1 |       ||     1
       Pizza             |       |       |       |     1 |       ||     1
Armor: Scale mail        |    31 |    19 |     3 |       |       ||    53
       Chain mail        |       |       |    54 |       |       ||    54
       Plate armour      |       |       |    38 |   227 |    57 ||   322
Dodge: Dodged            |    22 |    25 |    33 |   109 |    33 ||   222
Block: Shield            |    31 |    42 |   117 |   359 |    85 ||   634
       Reflection        |       |       |     3 |    11 |       ||    14
